 Dungeon Crawl Stone Soup version 0.30.1-11-g7821555f0a (webtiles) character file.

Game seed: 14304389929166397156

118 bnorton916 the Conjurer (level 4, 0/24 HPs)
             Began as a Deep Elf Conjurer on Jan 7, 2024.
             Slain by Robin
             ... wielding a +0 mace
              (5 damage)
             ... on level 2 of the Dungeon.
             The game lasted 00:03:03 (3297 turns).

bnorton916 the Conjurer (Deep Elf Conjurer)         Turns: 3297, Time: 00:03:04

Health: 0/24       AC:  2    Str:  4    XL:     4   Next: 72%
Magic:  3/13       EV: 12    Int: 25    God:
Gold:   130        SH:  0    Dex: 13    Spells: 10/13 levels left

rFire   . . .        (no weapon)
rCold   . . .        (no shield)
rNeg    . . .        a - +0 robe
rPois   .            (no helmet)
rElec   .            (no cloak)
rCorr   .            (no gloves)
SInv    .            (no boots)
Will    .....        (no amulet)
Stlth   ++           k - ring of flight
HPRegen 0.24/turn    (no ring)
MPRegen 0.13/turn

%: no passive effects
@: flying, very slightly contaminated
A: no striking features
a: no special abilities


You were on level 2 of the Dungeon.
You visited 1 branch of the dungeon, and saw 3 of its levels.

You collected 130 gold pieces.

Inventory:

Missiles
 f - 6 boomerangs
 h - 2 throwing nets
 m - 6 poisoned darts
Armour
 a - a +0 robe (worn)
Jewellery
 d - a ring of fire
 k - a ring of flight (left hand)
 n - a ring of ice
Scrolls
 c - 3 scrolls of identify {unknown}
 e - 2 scrolls of poison {unknown}
 j - a scroll of teleportation {unknown}
 l - a scroll of acquirement {unknown}
 p - a scroll of vulnerability {unknown}
Potions
 b - a potion of magic
 g - 4 potions of curing {unknown}
 i - 2 potions of haste {unknown}
 o - a potion of brilliance {unknown}


   Skills:
 - Level 2.4 Dodging
 - Level 2.4 Stealth
 + Level 5.2 Spellcasting
 + Level 5.7 Conjurations


You had 10 spell levels left.
You knew the following spells:

 Your Spells              Type           Power      Damage    Failure   Level
a - Magic Dart            Conj           100%       1d8       1%          1
b - Searing Ray           Conj           70%        2d7       1%          2

Your spell library contained the following spells:

 Spells                   Type           Power      Damage    Failure   Level
 Dazzling Flash           Conj/Hex       40%        N/A       8%          3
 Fulminant Prism          Conj/Hex       10%        3d8       26%         4
 Iskenderun's Mystic Bla  Conj/Tloc      20%        2d6       26%         4


Dungeon Overview and Level Annotations

Branches:
Dungeon (3/15)

Altars:

Annotations:
D:2 Robin


Message History

Casting: Searing Ray (safe; 1% risk of failure)
Confirm with . or Enter, or press ? or * to list all spells.
Aiming: Searing Ray (safe; 1% risk of failure)
Press: ? - help, Shift-Dir - straight line, f - hobgoblin
Aim: a hobgoblin (heavily wounded, 81% to hit)
The searing ray hits the hobgoblin.
You kill the hobgoblin! (Press . to maintain the ray.) Unknown command.
Casting: Searing Ray (safe; 1% risk of failure)
Confirm with . or Enter, or press ? or * to list all spells.
Aiming: Searing Ray (safe; 1% risk of failure)
Press: ? - help, Shift-Dir - straight line, f - Robin
Aim: Robin, wielding a +0 mace, wearing a +0 animal skin and wearing a +0 helmet (86% to hit)
The searing ray misses Robin. (Press . to maintain the ray.) Unknown command.
The searing ray hits Robin.
Robin is moderately wounded.
Robin says, "Bow before me, strongest of all the hobgoblins!"
The searing ray hits Robin.
Robin is heavily wounded.
Robin hits you with a +0 mace.
The searing ray hits Robin.
Robin is severely wounded.
You finish channelling your searing ray.
Robin closely misses you.
Unknown command.
Casting: Searing Ray (safe; 1% risk of failure)
Confirm with . or Enter, or press ? or * to list all spells.
Aiming: Searing Ray (safe; 1% risk of failure)
Press: ? - help, Shift-Dir - straight line, f/p - Robin
Aim: Robin, wielding a +0 mace, wearing a +0 animal skin and wearing a +0 helmet (severely wounded, 86% to hit)
You miscast Searing Ray.
You are very lightly contaminated with residual magic.
Nothing appears to happen.
Robin hits you with a +0 mace!
* * * LOW HITPOINT WARNING * * *
Robin misses you. Robin hits you with a +0 mace.
You die...

#.....# ##<# #.....# #..#
#.....# #.## ###[### #.# #.# #.#
###.### #.# #.....###
#.########### ........#
#.#.........# .....[..#
#.#.@g.#.##.#
........#####.#.###>.##.########
...............## ##)..........#
.....)..#####..# #.##.######.#
........#####..## ##.##.# ##.##
.##.######......###.....# #...#
###.## #.##......#.#### #...#
#...# #.##....#.#.# #...# #...#
#.##....#.#.## ##.##


You could see Robin.

Vanquished Creatures
  2 adders (D:2)
  A worm (D:3)
  4 dart slugs
  3 orcs (D:3)
  9 bats
  2 endoplasms (D:1)
  3 giant cockroaches
  12 goblins
  13 hobgoblins
  4 jackals (D:1)
  5 kobolds
  4 quokkas
  6 ball pythons
  A frilled lizard (D:1)
  8 rats
77 creatures vanquished.

Notes
Turn   | Place    | Note
-------+----------+-------------------------------------------
     0 | D:1      | bnorton916 the Deep Elf Conjurer began the quest for the
                  | Orb.
     0 | D:1      | Reached XP level 1. HP: 10/10 MP: 6/6
   179 | D:1      | Reached XP level 2. HP: 15/15 MP: 4/8
   436 | D:1      | Found a faded altar of an unknown god.
   830 | D:1      | Reached skill level 5 in Conjurations
   830 | D:1      | Reached XP level 3. HP: 19/19 MP: 6/10
   898 | D:1      | Learned a level 2 spell: Searing Ray
  2046 | D:2      | Reached XP level 4. HP: 24/24 MP: 10/12
  2698 | D:3      | Reached skill level 5 in Spellcasting
  3035 | D:3      | Noticed Robin
  3297 | D:2      | Slain by Robin

Illustrated notes

Levels and vault maps discovered:
D:1:      minmay_arrival_semitransparent, layout_basic,
          chequers_ecumenical_altar_simple, st_stairs_7, minmay_pentomino_w4
D:2:      layout_loops_cross
D:3:      layout_basic, uniq_robin

Skill      XL: |  1  2  3  4 |
---------------+-------------+-----
Spellcasting   | 4 5 |  5.2
Conjurations   | 5 |  5.7
Dodging        | |  2.4
Stealth        | |  2.4

Action                     |  1- 3 |  4- 6 || total
---------------------------+-------+-------++-------
   Cast: Magic Dart        |    91 |    34 ||   125
         Searing Ray       |     1 |    10 ||    11
 Armour: Robe              |     2 |     4 ||     6
  Dodge: Dodged            |     6 |    17 ||    23
